 Dungeon Crawl Stone Soup version 0.29-a0-923-g6e406bff71 (webtiles) character file.

Game seed: 10600488652625908590

7848 manyhoops the Martial Artist (level 10, -5/84 HPs)
             Began as a Demigod Transmuter on July 27, 2022.
             Slain by an orc warrior
             ... wielding a +0 long sword
              (17 damage)
             ... on level 11 of the Dungeon.
             The game lasted 00:26:02 (13739 turns).

manyhoops the Martial Artist (Demigod Transmuter)  Turns: 13739, Time: 00:26:03

Health: -5/84      AC:  6    Str: 17    XL:     10   Next: 71%
Magic:  16/18      EV: 19    Int: 27    God:
Gold:   1257       SH:  0    Dex: 19    Spells: 2/15 levels left

rFire   . . .      SeeInvis .     - Unarmed
rCold   . . .      Faith    .   (shield currently unavailable)
rNeg    . . .      Spirit   .   (body armour currently unavailable)
rPois   x          Reflect  .   (helmet currently unavailable)
rElec   .          Harm     .   (cloak currently unavailable)
rCorr   .          Rampage  .   (gloves currently unavailable)
Will    +....                   (boots currently unavailable)
Stlth   ++........              (no amulet)
HPRegen 0.24/turn               F - +4 ring of protection
MPRegen 0.16/turn               q - +6 ring of strength

@: spider-form, studying Armour
A: venomous fangs, tiny, high MP 1, forlorn, divine attributes, (cold resistance
1)
a: End Transformation


You were on level 11 of the Dungeon.
You were a venomous arachnid creature.
You visited 1 branch of the dungeon, and saw 11 of its levels.
You also visited: Bailey.

You collected 2180 gold pieces.
You spent 923 gold pieces at shops.

Inventory:

Armour
 o - a +0 pair of boots (melded)
 D - a +1 helmet (melded)
 K - +0 steam dragon scales
 N - a +0 troll leather armour (melded)
Jewellery
 c - a ring of see invisible
 e - a ring of wizardry
 q - a +6 ring of strength (right front leg)
 w - a ring of magical power
 z - a +6 ring of dexterity
 C - a ring of willpower
 F - a +4 ring of protection (left front leg)
 H - a ring of poison resistance
 L - an amulet of regeneration
Wands
 g - a wand of mindburst (25)
 x - a wand of polymorph (15)
 y - a wand of light (20)
 B - a wand of flame (9)
 E - a wand of iceblast (23)
Scrolls
 a - 2 scrolls of identify
 d - 2 scrolls of enchant weapon
 h - a scroll of noise
 i - 4 scrolls of enchant armour
 k - 2 scrolls of magic mapping
 l - a scroll of vulnerability
 n - a scroll of poison
 t - a scroll of butterflies
 u - 2 scrolls of teleportation
 G - a scroll of torment
Potions
 b - a potion of heal wounds
 f - a potion of haste
 j - 8 potions of curing
 m - 2 potions of flight
 p - a potion of berserk rage
 r - a potion of ambrosia {unknown}
 s - 2 potions of magic
 v - a potion of might {unknown}
 A - 4 potions of lignification
 I - a potion of cancellation {unknown}
 J - 2 potions of degeneration {unknown}
 M - a potion of resistance {unknown}


   Skills:
 + Level 6.6 Fighting
 - Level 7.0 Armour
 - Level 1.7 Dodging
 * Level 9.3 Unarmed Combat
 - Level 3.3 Spellcasting
 - Level 8.2 Transmutations
 - Level 4.7 Ice Magic


You had 2 spell levels left.
You knew the following spells:

 Your Spells              Type           Power      Damage    Failure   Level
a - Beastly Appendage     Tmut           96%        N/A       2%          1
b - Wereblood             Tmut           48%        N/A       3%          2
c - Spider Form           Tmut/Pois      26%        N/A       14%         3
d - Ice Form              Ice/Tmut       39%        N/A       17%         4
e - Ozocubu's Armour      Ice            30%        N/A       12%         3

Your spell library contained the following spells:

 Spells                   Type           Power      Damage    Failure   Level
 Sting                    Tmut/Pois      100%       1d8       7%          1
 Passwall                 Tmut/Erth      21%        N/A       9%          2
 Ensorcelled Hibernation  Hex/Ice        34%        N/A       14%         2
 Poisonous Vapours        Pois/Air       8%         N/A       30%         2
 Ignite Poison            Fire/Tmut/Pois 19%        N/A       22%         3
 Mephitic Cloud           Conj/Pois/Air  4%         N/A       47%         3
 Swiftness                Air            4%         N/A       47%         3
 Olgreb's Toxic Radiance  Pois           4%         N/A       83%         4
 Freezing Cloud           Conj/Ice/Air   6%         6-21      90%         5
 Summon Forest            Summ/Tloc      2%         N/A       98%         5
 Summon Mana Viper        Hex/Summ       4%         N/A       98%         5
 Conjure Ball Lightning   Conj/Air       2%         3x3d6     100%        6
 Summon Cactus Giant      Summ           2%         N/A       100%        6
 Ozocubu's Refrigeration  Ice            15%        4d8       100%        7
 Discord                  Hex            2%         N/A       100%        8
 Disjunction              Tloc           2%         N/A       100%        8


Dungeon Overview and Level Annotations

Branches:
Dungeon (11/15)            Temple (0/1) D:4          Bailey (visited)
   Lair: D:8-11         Orc: D:9-12

Shops:
D:6 :*   D:8 *   D:9 *

Annotations:
D:3 2 runed translucent doors, funkygono's ghost, amateur GrFE
D:6 1 runed translucent door, raph's ghost, novice GrEE


Innate Abilities, Weirdness & Mutations

You are a venomous arachnid creature.
You have poisonous fangs.
You are tiny and dextrous.
Your spellcasting is less reliable in this form.
Your armour is entirely melded.
You are incapable of wielding weapons or throwing items.
You have an increased reservoir of magic. (+10% MP)
You shall have no god before yourself.
Your divine heritage dramatically boosts your attributes as you level up.
((Your flesh is cold resistant. (rC+)))


Message History

There is an open door here.
You bite the manticore!
The manticore is lightly wounded.
The manticore bites you!! The manticore claws you. x2
You bite the manticore!
The manticore is poisoned.
The manticore is moderately wounded.
The manticore bites you! The manticore barely misses you.
The manticore claws you.
You hit the manticore but do no damage.
The manticore looks as sick as possible!
The manticore is moderately wounded.
You carefully extract the barbed spikes from your body.
You bite the manticore!
The manticore looks as sick as possible!
The manticore is heavily wounded.
The manticore barely misses you. The manticore misses you.
The manticore claws you.
You bite the manticore!
The manticore looks as sick as possible!
The manticore is severely wounded.
The manticore bites you but does no damage.
The manticore barely misses you.
The manticore claws you but does no damage.
You bite the manticore!
The manticore looks as sick as possible!
The manticore is almost dead.
You kill the manticore!
The orc warrior closely misses you.
You hit the orc warrior but do no damage.
The orc warrior is poisoned.
The orc warrior barely misses you.
You barely miss the orc warrior.
The orc warrior is lightly wounded.
You bite the orc warrior!
The orc warrior is heavily wounded.
The orc warrior hits you with a +0 long sword!
* * * LOW HITPOINT WARNING * * *
You bite the orc warrior!
The orc warrior is severely wounded.
The orc warrior hits you with a +0 long sword!
You die...

#..........#.....#.......#
#............#####.......#
#..........### #.......+
####.####### #.......#
#.##### ####'#### #.....#
#####..# ######'###
##.....##
#........####..#####
.'........'.##s##
.#........#.#..o......
#........#.#.........
#........#.#.........
#........#.+......... ###
#........###......... #..
#######'## ##'#######
#.### ###.# #.##### #.#..
##...# ...# #.#.#


You could see an orc warrior (very poisoned).

Vanquished Creatures
  A two-headed ogre (D:10)
  A manticore (D:11)
  Maggie (D:8)
  A komodo dragon (D:10)
  3 trolls
  Sigmund (D:6)
  A wraith (D:10)
  A steam dragon (D:7)
  Menkaure (D:5)
  3 acid dragons (D:11)
  12 orc warriors
  A black bear (D:5)
  4 ice beasts
  11 centaurs
  An ogre (D:6)
  2 phantoms
  2 kobold brigands
  4 bullfrogs
  A necrophage (D:5)
  A scorpion (D:10)
  10 killer bees
  A howler monkey (D:9)
  A centaur zombie (D:7)
  4 hounds
  2 jellies
  4 orc priests
  3 iguanas (D:5)
  7 orc wizards
  A killer bee zombie (D:7)
  9 adders
  2 shadow imps
  3 white imps
  An ufetubus (D:5)
  A worm (D:4)
  2 dart slugs
  46 orcs
  5 ball pythons
  2 bats (D:1)
  5 endoplasms
  2 giant cockroaches (D:3)
  7 goblins
  9 hobgoblins
  15 jackals
  A quokka (D:2)
  5 frilled lizards
  19 kobolds
  4 rats (D:1)
224 creatures vanquished.

Vanquished Creatures (others)
  Maurice (D:8)
  A fungus (D:10)
  A plant (D:8)
3 creatures vanquished.

Grand Total: 227 creatures vanquished

Notes
Turn   | Place    | Note
-------+----------+-------------------------------------------
     0 | D:1      | manyhoops the Demigod Transmuter began the quest for the
                  | Orb.
     0 | D:1      | Reached XP level 1. HP: 15/15 MP: 5/5
   218 | D:1      | Reached skill level 3 in Unarmed Combat
   423 | D:1      | Reached XP level 2. HP: 10/22 MP: 5/7
   425 | D:1      | Reached skill level 1 in Fighting
   600 | D:1      | Learned a level 2 spell: Wereblood
  1217 | D:2      | Reached XP level 3. HP: 9/28 MP: 6/8
  1643 | D:2      | Reached skill level 4 in Unarmed Combat
  2691 | D:3      | Found a runed translucent door.
  2693 | D:3      | Noticed funkygono's ghost (amateur GrFE)
  2785 | D:3      | Found a runed translucent door.
  2882 | D:3      | Identified 2 scrolls of acquirement
  2882 | D:3      | Acquired 867 gold pieces
  2884 | D:3      | Acquired 651 gold pieces
  2937 | D:4      | You fall into a shaft and drop 1 floor!
  2937 | D:5      | Entered Level 5 of the Dungeon
  2939 | D:5      | Noticed Menkaure
  2945 | D:5      | Killed Menkaure
  2946 | D:5      | Reached skill level 5 in Unarmed Combat
  2946 | D:5      | Reached XP level 4. HP: 12/35 MP: 7/9
  2946 | D:5      | Reached XP level 5. HP: 14/40 MP: 7/10
  3182 | D:5      | Learned a level 3 spell: Spider Form
  3208 | D:4      | Found a staircase to the Ecumenical Temple.
  3673 | D:4      | Reached skill level 6 in Unarmed Combat
  3673 | D:4      | Reached XP level 6. HP: 16/47 MP: 8/11
  4711 | D:5      | Reached skill level 7 in Unarmed Combat
  4760 | D:5      | HP: 2/47 [ice beast (10)]
  5095 | D:5      | Reached XP level 7. HP: 46/52 MP: 8/12
  5297 | D:5      | Reached skill level 8 in Unarmed Combat
  6025 | D:6      | Found Vafequm's Lightly-Used Armoury.
  6100 | D:6      | Found Riahiefuth's Book Shop.
  6113 | D:6      | Bought Ozocubu's Autobiography for 264 gold pieces
  6113 | D:6      | Bought a book of Burglary for 220 gold pieces
  6197 | D:6      | Gained mutation: You have large cloven feet. [potion of
                  | mutation]
  6197 | D:6      | Gained mutation: You occasionally lose the ability to read
                  | scrolls when taking damage. [potion of mutation]
  6197 | D:6      | Gained mutation: Your movements are slightly less
                  | encumbered by armour. (ER -2) [potion of mutation]
  6198 | D:6      | Lost mutation: Your movements are slightly less encumbered
                  | by armour. (ER -2) [potion of mutation]
  6198 | D:6      | Lost mutation: You have large cloven feet. [potion of
                  | mutation]
  6198 | D:6      | Gained mutation: You sometimes lose your temper in combat.
                  | [potion of mutation]
  6198 | D:6      | Gained mutation: You expend magic power (3 MP) to
                  | strengthen your wands. [potion of mutation]
  6320 | D:6      | Noticed Sigmund
  6329 | D:6      | Killed Sigmund
  6330 | D:6      | Reached XP level 8. HP: 38/59 MP: 7/14
  6395 | D:6      | Learned a level 4 spell: Ice Form
  6838 | D:6      | Found a runed translucent door.
  6839 | D:6      | Noticed a two-headed ogre
  6840 | D:6      | Noticed raph's ghost (novice GrEE)
  6895 | D:6      | Reached skill level 5 in Transmutations
  7851 | D:7      | Reached skill level 1 in Ice Magic
  8444 | D:8      | Reached XP level 9. HP: 53/64 MP: 11/17
  8635 | D:8      | Found Famum's General Store.
  8658 | D:8      | Noticed Maurice
  8679 | D:8      | Killed Maurice
  8694 | D:8      | Learned a level 3 spell: Ozocubu's Armour
  9027 | D:8      | Bought a potion of lignification for 36 gold pieces
  9027 | D:8      | Bought a potion of lignification for 36 gold pieces
  9035 | D:8      | Noticed Maggie
  9051 | D:8      | Killed Maggie
  9713 | D:9      | Found a flagged portal.
  9715 | D:9      | Lost mutation: You sometimes lose your temper in combat.
                  | [potion of mutation]
  9715 | D:9      | Lost mutation: You occasionally lose the ability to read
                  | scrolls when taking damage. [potion of mutation]
  9715 | D:9      | Lost mutation: You expend magic power (3 MP) to strengthen
                  | your wands. [potion of mutation]
  9715 | D:9      | Gained mutation: Your flesh is cold resistant. (rC+)
                  | [potion of mutation]
  9730 | Bailey   | Entered a bailey
 11331 | Bailey   | Reached XP level 10. HP: 46/80 MP: 14/18
 11590 | Bailey   | Reached skill level 5 in Fighting
 12213 | D:9      | Found Niskacwa's Assorted Antiques.
 12218 | D:9      | Bought a triangular silver amulet for 105 gold pieces
 12218 | D:9      | Bought a scroll of teleportation for 63 gold pieces
 12218 | D:9      | Bought a scroll of blinking for 157 gold pieces
 12218 | D:9      | Bought a scroll of identify for 42 gold pieces
 12413 | D:10     | Entered Level 10 of the Dungeon
 12709 | D:10     | Noticed a two-headed ogre
 12719 | D:10     | Killed a two-headed ogre
 13267 | D:11     | Reached skill level 9 in Unarmed Combat
 13727 | D:11     | Noticed a manticore
 13735 | D:11     | Killed a manticore
 13739 | D:11     | Slain by an orc warrior

Illustrated notes

Levels and vault maps discovered:
D:1:      roderic_dead_forest, layout_rooms, minmay_box_of_dots
D:2:      layout_rooms, basic_altar, chequers_ecumenical_altar_island,
          st_stairs_4
D:3:      layout_loops_corners, ebering_ghost_sewer_f
D:4:      layout_loops_ring, minmay_temple_entry_arrows
D:5:      minmay_chambers_of_threes, layout_basic, uniq_menkaure
D:6:      layout_gridville, grunt_temple_overflow_cloverleaf,
          ebering_ghost_inner_flame, serial_shops,
          nicolae_shop_advertising_works [nicolae_subvault_shop_adworks],
          minmay_shop_damaged, uniq_sigmund
D:7:      layout_cave_pools, lemuel_zombie_altar_yredelemnul
D:8:      layout_rooms, mainiacjoe_overflow_chevrons, serial_shops,
          nicolae_shop_waterfront, uniq_maggie, uniq_maurice
D:9:      layout_rooms, mainiacjoe_overflow_six_doors_small, enter_bailey_2,
          serial_shops, shop
D:10:     layout_cave_pods, grunt_lair_entry_orc_guard_hut, lemuel_old_faithful
D:11:     layout_roguey, orc_0_dummy, nicolae_ru_sacrificial_ziggurat

Skill      XL: |  1  2  3  4  5  6  7  8  9 10 |
---------------+-------------------------------+-----
Unarmed Combat | 3 5 6 7 8 9 |  9.3
Fighting       | 1 4 6 |  6.6
Transmutations | 2 4 6 8 |  8.2
Spellcasting   | 2 3 |  3.3
Ice Magic      | 3 4 |  4.7
Armour         | 7 |  7.0
Dodging        | |  1.7

Action                   |  1- 3 |  4- 6 |  7- 9 | 10-12 || total
-------------------------+-------+-------+-------+-------++-------
Melee: Unarmed           |   182 |    96 |   341 |   140 ||   759
       Headbutt          |     9 |    10 |     5 |       ||    24
       Kick              |    18 |    19 |     5 |       ||    42
       Punch             |     3 |     7 |     4 |     3 ||    17
 Cast: Beastly Appendage |    19 |    10 |     7 |       ||    36
       Wereblood         |       |     2 |     9 |     4 ||    15
       Spider Form       |       |     1 |    16 |     2 ||    19
       Ice Form          |       |       |    15 |    10 ||    25
       Ozocubu's Armour  |       |       |     1 |       ||     1
  Use: Scroll            |     3 |     2 |     6 |     7 ||    18
       Potion            |     1 |     5 |     9 |     1 ||    16
Armor: Ring mail         |    65 |    20 |    11 |       ||    96
       Scale mail        |    17 |       |       |       ||    17
       Skin              |       |       |    95 |    86 ||   181
       Robe              |       |       |    10 |       ||    10
       Steam dragon scal |       |       |     9 |       ||     9
       Troll leather arm |       |       |       |     3 ||     3
Dodge: Dodged            |    90 |    44 |   292 |    97 ||   523

Table legend: (Time is in decaauts)
 A = Elapsed time spent in this place.
 B = Non-inter-level travel time spent in this place.
 C = Inter-level travel time spent in this place.
 D = Time resting spent in this place.
 E = Time spent auto-exploring this place.
 F = Levels seen in this place.
 G = Mean time per level.
                   A        B        C        D        E       F      G
               +--------+--------+--------+--------+--------+-----+--------+
         Total |  13695 |  13387 |    308 |   3028 |   7897 |  12 | 1141.2 |
       Dungeon |  11553 |  11245 |    308 |   2029 |   7573 |  11 | 1050.3 |
        Bailey |   2142 |   2142 |      0 |    999 |    324 |   1 | 2142.0 |
               +--------+--------+--------+--------+--------+-----+--------+

Top non-repeatable levels by time:
  Bailey: 2142 daAuts
     D:4: 1670 daAuts
     D:6: 1661 daAuts
     D:5: 1360 daAuts
     D:1: 1173 daAuts
     D:8: 1089 daAuts
     D:3: 1080 daAuts
    D:11: 887 daAuts
     D:7: 802 daAuts
     D:9: 720 daAuts
     D:2: 668 daAuts
    D:10: 437 daAuts
